Unix NetHack Version 5.0.0-0 post-release - last build Jun 10 2026 00:39:30 (3ee93aec679c4c4259841fe613dc97188e26a321,branch:main).

Game began 2026-06-16 13:47:37, ended 2026-06-17 15:46:31.

Barrb, neutral female human Barbarian

  -------------------                    ------------------------------
  |.[...)....)......|                    |.....(...............|.......
  |%---------------.|---------------------.|...................|.....
  |(..............|.-..)..%.)..............|--------------------...
  -------------.{.|.|---------------------.|..........|   ..|.*..
  ------------|...|.| --------------------)|.-------..|  ...|..
  |...........|----.--|......................      |..| ......
  |.-----..---|.......|----------------------      |..|.....
  |.|   |..|  ------..------------------------------..|....
  |.|   |..|       |..............................^/..|...
  |.|----..|     ---..------------------------------..|-.
  |.||.....|     |.b%.|..%[........................|..|..               #
  |.||...---     |.@..|.|.............(............|..-*####**#*#######*.
  |.||...|       ----...|.............<............|..|                **
  |.| ----      --- |.[.|.^..............(.........|..|
  |.-------------.---)..----------------------------..|
  |.........)............^...                     ....|
  ---------------------------                     -----
Barrb the Brigand          St:18/10 Dx:17 Co:18 In:9 Wi:9 Ch:6  Neutral
Dlvl:11 $:559 HP:0(113) Pw:35(35) AC:1  Xp:10 T:10873  Burdened

Latest messages:
 You smite the owlbear!
 The owlbear hits!
 The owlbear hits again!
 You are being crushed.
 You kill the owlbear!
 There is a Green-elf corpse here; eat it? [ynq] (n) y
 Blecch!  Rotten food!
 Everything suddenly goes dark.
 You stop eating the Green-elf corpse.
 There is a partly eaten Green-elf corpse here; eat it? [ynq] (n) y
 You resume your meal.
 You stop eating the Green-elf corpse.
 You kill the gecko!
 There is a partly eaten Green-elf corpse here; eat it? [ynq] (n) y
 You consume the last bite of your meal.
 You finish eating the Green-elf corpse.
 You feel wide awake.
 You try to feel what is lying here on the floor.
 You feel here an owlbear corpse.
 You miss the quantum mechanic.
 The quantum mechanic hits!
 Your position suddenly seems very uncertain!
 You materialize in a different location!
 You smite the lizard.
 The lizard misses!
 The lizard is hit.
 You smite the lizard.
 You smite the lizard.
 You smite the lizard.
 It is missed.
 You are hit.
 You smite the lizard.
 You can see again.
 You kill the lizard!
 You smite the gelatinous cube.
 You are frozen by the gelatinous cube!
 The gelatinous cube touches you!
 The gelatinous cube touches you!
 The gelatinous cube touches you!
 You can move again.
 You smite the gelatinous cube!
 You smite the gelatinous cube!
 You are frozen by the gelatinous cube!
 You are almost hit by a rock.
 The gelatinous cube touches you!
 You can move again.
 The gelatinous cube touches you!
 You die...
 Do you want your possessions identified? [ynq] (y) y
 Do you want to see your attributes? [ynq] (y) q

Inventory:
 Coins    ('$')
  $ - 559 gold pieces
 Weapons  (')')
  O - 20 poisoned +0 orcish arrows
  m - 87 +0 darts (at the ready)
  Y - a +0 axe (weapon in right hand)
 Armor    ('[')
  w - an uncursed +0 dwarvish iron helm (being worn)
  B - an uncursed +0 pair of leather gloves (being worn)
  L - an uncursed thoroughly rusty +3 pair of iron shoes (being worn)
  M - an uncursed +0 dwarvish cloak (being worn)
  v - a blessed +0 elven cloak
  C - an uncursed +0 elven mithril-coat
  c - an uncursed +0 ring mail (being worn)
 Comestibles  ('%')
  t - 4 uncursed food rations
  u - 5 uncursed tripe rations
  G - an uncursed lizard corpse
 Scrolls  ('?')
  X - a cursed scroll of amnesia
  r - an uncursed scroll of create monster
  J - an uncursed scroll of enchant armor
  n - an uncursed scroll of enchant weapon
  H - a cursed scroll of fire
  K - an uncursed scroll of identify
 Potions  ('!')
  i - an uncursed potion of booze
  E - an uncursed potion of full healing
  R - 4 uncursed potions of healing
  Z - an uncursed potion of object detection
 Rings    ('=')
  F - an uncursed ring of fire resistance (on right hand)
  P - a cursed ring of protection from shape changers
  k - an uncursed ring of regeneration
  b - an uncursed ring of searching (on left hand)
  x - an uncursed ring of shock resistance
 Wands    ('/')
  f - a cursed wand of cancellation (0:5)
  j - a wand of digging (0:7)
  D - a wand of fire (0:0)
  A - a wand of light (0:13)
  s - a wand of magic missile (0:2)
  S - a wand of magic missile (0:2)
  N - a wand of striking (0:0)
  z - a wand of teleportation (0:4)
 Tools    ('(')
  d - an uncursed bag of holding containing 12 items
  T - an uncursed wooden flute
  U - an uncursed blindfold
  g - a can of grease (0:15)
  W - an uncursed magic whistle
  e - an uncursed oil lamp
  l - a +0 pick-axe
  V - an uncursed skeleton key
  I - an uncursed tin whistle
 Gems/Stones  ('*')
  p - 2 uncursed amethyst stones
  h - an uncursed emerald
  o - an uncursed ruby
  Q - 4 uncursed worthless pieces of red glass
  q - an uncursed luckstone

Contents of the bag of holding:
  3 uncursed scrolls of blank paper
  an uncursed scroll of confuse monster
  2 uncursed scrolls of enchant weapon
  an uncursed scroll of fire
  2 uncursed potions of healing
  an uncursed potion of oil
  an uncursed brass lantern
  an uncursed emerald
  an uncursed sapphire
  2 uncursed worthless pieces of blue glass
  2 uncursed worthless pieces of green glass
  an uncursed worthless piece of orange glass

Barrb the Barbarian's attributes:

Background:
 You were a Brigand, a level 10 female human Barbarian.
 You were neutral, on a mission for Crom
 who was opposed by Mitra (lawful) and Set (chaotic).
 You were right-handed.
 You were in the Gnomish Mines, on level 11.
 You entered the dungeon 10873 turns ago.
 There was a new moon in effect when your adventure ended.
 You had 5977 experience points, 4023 more were needed to attain level 11.

Basics:
 You had 0 out of 113 hit points.
 You had all 35 energy points (spell power).
 Your armor class was 1.
 Your wallet contained 559 zorkmids.
 Autopickup was off.

Final Characteristics:
 Your strength was 18/10 (limit:18/100).
 Your dexterity was 17 (limit:18).
 Your constitution was 18 (limit:18).
 Your intelligence was 9 (limit:18).
 Your wisdom was 9 (limit:18).
 Your charisma was 6 (limit:18).

Final Status:
 You weren't hungry.
 You were burdened; movement was slightly slowed.
 You were wielding an axe.
 You had basic skill with axe.

Final Attributes:
 You were piously aligned.
 You were fire resistant.
 Your items were protected from fire.
 You were cold resistant.
 Your items were somewhat protected from cold.
 You were sleep resistant.
 You were poison resistant.
 You were telepathic.
 You had automatic searching.
 You were warded.
 You were fast.
 You were lucky.
 You had extra luck.
 Bad luck did not time out for you.
 Good luck did not time out for you.
 You are dead.

Miscellaneous:
 You encountered 1 bones level.
 Total elapsed playing time was 4 hours, 19 minutes and 42 seconds.

Major events:
 Turn
    1: Barrb the neutral female human Barbarian entered the dungeon
  914: entered the Gnomish Mines
  932: attained the rank of Pillager (level 3)
 1068: read a Discworld novel
 2715: attained the rank of Bandit (level 6)
 3102: reached Mine Town
 9851: acquired the Mines' End luckstone
 9936: attained the rank of Brigand (level 10)
10873: killed by a gelatinous cube

You didn't know any spells.

Skills:
 Fighting Skills
   bare handed combat [Basic]
   two weapon combat  [Unskilled]
   riding             [Unskilled]
 Weapon Skills
   dagger             [Unskilled]
   axe                [Basic]
   pick-axe           [Unskilled]
   short sword        [Unskilled]
   broadsword         [Unskilled]
   long sword         [Unskilled]
   two-handed sword   [Expert]
   saber              [Unskilled]
   club               [Unskilled]
   mace               [Unskilled]
   morning star       [Unskilled]
   flail              [Unskilled]
   hammer             [Unskilled]
   quarterstaff       [Unskilled]
   spear              [Unskilled]
   trident            [Unskilled]
   bow                [Unskilled]
 Spellcasting Skills
   attack spells      [Unskilled]
   escape spells      [Unskilled]

Voluntary challenges:
 Character rerolling was not enabled.
 You never genocided any monsters.
 You never polymorphed an object.
 You never changed form.
 You used no wishes.
Achievements:
 You entered the Gnomish Mines.
 You entered a shop.
 You attained the rank of Pillager.
 You read from a Discworld novel.
 You attained the rank of Bandit.
 You entered Minetown.
 You entered a temple.
 You completed the Gnomish Mines.
 You attained the rank of Brigand.

 The Dungeons of Doom: levels 1 to 7
    Level 1:
       A grave.
    Level 2:
    Level 3:
       A scroll shop, some fountains.
       Stairs down to The Gnomish Mines.
    Level 4:
       A wand shop.
    Level 5:
       An altar.
    Level 6:
    Level 7:
       An altar to Crom, a fountain.
       Final resting place for
          atorox-Tou-Hum-Mal-Neu, killed by a giant spider.
 The Gnomish Mines: levels 4 to 11
    Level 4:
    Level 5:
    Level 6:
    Level 7:
       Many shops, a temple and an altar, some fountains, some trees.
    Level 8:
    Level 9:
    Level 10:
    Level 11: <- You were here.
       A fountain.
       Final resting place for
          you, killed by a gelatinous cube.


Vanquished creatures:
  a ghost
  a stalker
  a giant mummy
  2 small mimics
  a flaming sphere
  2 dwarf rulers
  3 tengu
 an ochre jelly
 an elf mummy
  a human mummy
  a cobra
  a wraith
  a Grey-elf
  a soldier
 an amorous demon
  a quivering blob
  a winter wolf cub
  a lynx
  3 leprechauns
  3 giant spiders
  a scorpion
  a horse
  3 gnome rulers
 an orc mummy
  a rust monster
  2 owlbears
  a yeti
  2 Green-elves
  4 lizards
  a dingo
  a housecat
  a jaguar
  a blue jelly
  a dust vortex
  3 snakes
 an ape
  4 Woodland-elves
  a soldier ant
 an imp
  2 quasits
  a water nymph
  2 mountain nymphs
  4 Uruk-hai
  a rock piercer
  3 rock moles
  a fog cloud
  3 yellow lights
 17 gnome leaders
  3 gnomish wizards
  a kobold mummy
  a gray ooze
  9 elf zombies
  a ghoul
  2 paper golems
  a giant ant
  3 floating eyes
  3 kittens
 17 dwarves
  a homunculus
  a kobold shaman
 19 hill orcs
  2 centipedes
  2 giant bats
  a monkey
  2 werejackals
 an iguana
 16 killer bees
  4 acid blobs
  a coyote
  a gas spore
  7 hobbits
  6 manes
  2 hobgoblins
  2 giant rats
  a cave spider
  2 brown molds
  a green mold
  a red mold
 67 gnomes
  3 garter snakes
  a gnome zombie
  8 geckos
  5 jackals
  3 foxes
  2 kobolds
  3 goblins
  4 sewer rats
  8 grid bugs
  7 lichens
  a kobold zombie
  7 newts
326 creatures vanquished.

No species were genocided or became extinct.

Game over:
                       ----------
                      /          \
                     /    REST    \
                    /      IN      \
                   /     PEACE      \
                  /                  \
                  |      Barrb       |
                  |      559 Au      |
                  |   killed by a    |
                  | gelatinous cube  |
                  |                  |
                  |                  |
                  |       2026       |
                 *|     *  *  *      | *
        _________)/\\_//(\/(/\)/\//\/|_)_______

Goodbye Barrb the Barbarian...

You died in The Gnomish Mines on dungeon level 11 with 21962 points,
and 559 pieces of gold, after 10873 moves.
You were level 10 with a maximum of 113 hit points when you died.

